 Dungeon Crawl Stone Soup version 0.26-a0-712-ga5a9c9c9d0 (webtiles) character file.

Game seed: 11828235277740468658

359 andy990 the Chopper (level 6, -3/56 HPs)
             Began as a Minotaur Abyssal Knight on Oct 31, 2020.
             Was a Believer of Lugonu.
             Slain by a wight
             ... wielding a cursed +0 great sword
              (7 damage)
             ... on level 3 of the Dungeon.
             The game lasted 00:12:55 (2148 turns).

andy990 the Chopper (Minotaur Abyssal Knight)       Turns: 2148, Time: 00:12:55

Health: -3/56      AC:  8    Str: 18    XL:     6   Next: 37%
Magic:  6/6        EV:  6    Int:  9    God:    Lugonu [**....]
Gold:   157        SH:  3    Dex: 10    Spells: 5/5 levels left

rFire    . . .     SeeInvis .   a - +1 hand axe
rCold    . . .     Faith    .   l - +0 buckler
rNeg     . . .     Spirit   .   y - +0 chain mail
rPois    .         Reflect  .   (helmet restricted)
rElec    .         Harm     .   (no cloak)
rCorr    .         Rampage  .   (no gloves)
MR       .....                  c - -1 pair of boots (curse)
Stlth    ..........             h - amulet of regeneration
HPRegen  0.58/turn              (no ring)
MPRegen  0.10/turn              (no ring)

@: heavily drained
A: retaliatory headbutt, horns 2
a: Depart the Abyss, Bend Space, Renounce Religion


You were on level 3 of the Dungeon.
You worshipped Lugonu.
Lugonu was pleased with you.
You visited 1 branch of the dungeon, and saw 3 of its levels.
You visited the Abyss 1 time.

You collected 157 gold pieces.

Inventory:

Hand Weapons
 a - a +1 hand axe (weapon)
 m - a +0 morningstar
 o - a +0 hand axe
 r - a +0 hand axe
 w - a +0 hand axe
Missiles
 f - 64 stones (quivered)
Armour
 c - a cursed -1 pair of boots (worn)
 g - a +1 ring mail of cold resistance
 l - a +0 buckler (worn)
 s - a +0 pair of gloves
 y - a +0 chain mail (worn)
Jewellery
 h - an amulet of regeneration (around neck)
Scrolls
 j - a scroll of magic mapping {unknown}
 k - 4 scrolls of teleportation {unknown}
 q - a scroll of enchant armour {unknown}
 u - 2 scrolls of remove curse {unknown}
 v - a scroll of fog {unknown}
Potions
 b - a potion of flight {unknown}
 d - a potion of resistance {unknown}
 e - a potion of ambrosia {unknown}
 i - 2 potions of heal wounds {unknown}
 n - a potion of mutation {unknown}
 p - a potion of curing {unknown}
 z - a potion of haste {unknown}


   Skills:
 + Level 5.6(4.0) Fighting
 * Level 6.0(4.5) Axes
 - Level 2.4(1.0) Armour
 - Level 1.1(0.0) Dodging
 + Level 3.2(1.8) Shields
 - Level 1.7(0.3) Invocations


You had 5 spell levels left.
You didn't know any spells.
Your spell library was empty.

Dungeon Overview and Level Annotations

Branches:
Dungeon (3/15)

Altars:
Vehumet


Innate Abilities, Weirdness & Mutations

You reflexively headbutt those who attack you in melee.
You have a pair of horns on your head.


Message History

You closely miss the wight. You headbutt the wight.
You destroy the wight!
Lugonu accepts your kill.
You can now bend space around yourself.
Your base Axes skill increases to level 6!
You barely miss the wight. You block the wight's attack.
You hit the wight but do no damage. Your headbutt misses the wight.
The wight is heavily damaged.
The wight hits you with a cursed +0 great sword!
You feel drained.
You are too injured to fight recklessly!
You are too injured to fight recklessly!
You are too injured to fight recklessly!
You are too injured to fight recklessly!
You are too injured to fight recklessly!
You hit the wight.
The wight is severely damaged.
The wight hits you with a cursed +0 great sword!
* * * LOW HITPOINT WARNING * * *
You feel drained.
You die...

#...#..........##.
#...#..........##. .
#...#..........##.
..#####...#..........##.
..........#..........##.
.......)..#..........###
#.........############
#.........# #.....z@..#
#.....)...# #.........#
##...###### #... #...
#.. #.


You could see a wight.

Vanquished Creatures
  3 wights (D:3)
  2 orc priests
  2 orc wizards (D:2)
  A gnoll (D:1)
  6 adders
  An ooze (D:2)
  7 orcs
  3 giant cockroaches
  2 hobgoblins
  3 jackals (D:3)
  5 kobolds
  2 ball pythons
  5 bats
  6 frilled lizards
  4 goblins
  4 rats
56 creatures vanquished.

Notes
Turn   | Place    | Note
-------+----------+-------------------------------------------
     0 | Abyss:1  | andy990 the Minotaur Abyssal Knight began the quest for the
                  | Orb.
     0 | Abyss:1  | Reached XP level 1. HP: 19/19 MP: 1/1
    85 | Abyss:1  | Noticed a sixfirhy
    86 | D:1      | Escaped the Abyss
   190 | D:1      | You fall into a shaft and drop 1 floor!
   191 | D:2      | Noticed an orc priest
   192 | D:2      | Noticed an orc wizard
   192 | D:2      | Noticed an orc wizard
   333 | D:2      | Reached skill level 3 in Axes
   333 | D:2      | Reached XP level 2. HP: 27/27 MP: 2/2
   728 | D:1      | Reached XP level 3. HP: 34/34 MP: 3/3
   769 | D:1      | Reached * piety under Lugonu
  1270 | D:2      | Reached skill level 1 in Shields
  1355 | D:2      | Reached skill level 4 in Axes
  1442 | D:2      | Reached XP level 4. HP: 39/41 MP: 4/4
  1461 | D:2      | Reached skill level 5 in Fighting
  1461 | D:2      | Reached XP level 5. HP: 38/48 MP: 5/5
  1525 | D:2      | Reached skill level 5 in Axes
  1600 | D:2      | Found a radiant altar of Vehumet.
  2087 | D:3      | Reached XP level 6. HP: 51/56 MP: 6/6
  2146 | D:3      | Reached ** piety under Lugonu
  2146 | D:3      | Reached skill level 6 in Axes
  2148 | D:3      | Slain by a wight

Illustrated notes

Levels and vault maps discovered:
D:1:      lightli_arrival_lavapool, layout_loops_ring, lemuel_old_faithful
D:2:      cheibrodos_pilgrimage, layout_rooms, vehumet_crystals, glass_columns_a
D:3:      layout_basic

Skill      XL: |  1  2  3  4  5  6 |
---------------+-------------------+-----
Fighting       | 4 5 |  5.6
Axes           | 3 4 5 6 |  6.0
Shields        | 1 2 3 |  3.2
Armour         | |  2.4
Dodging        | |  1.1
Invocations    | |  1.7

Action                   |  1- 3 |  4- 6 || total
-------------------------+-------+-------++-------
Melee: Hand axe          |    67 |    93 ||   160
       Headbutt          |     8 |    16 ||    24
Invok: Depart the Abyss  |     1 |       ||     1
  Use: Scroll            |     2 |       ||     2
Armor: Leather armour    |     3 |       ||     3
       Ring mail         |     9 |    21 ||    30
       Chain mail        |       |     8 ||     8
Dodge: Dodged            |    29 |    40 ||    69
Block: Buckler           |     4 |    16 ||    20

Table legend: (Time is in decaauts)
 A = Elapsed time spent in this place.
 B = Non-inter-level travel time spent in this place.
 C = Inter-level travel time spent in this place.
 D = Time resting spent in this place.
 E = Time spent auto-exploring this place.
 F = Levels seen in this place.
 G = Mean time per level.
                   A        B        C        D        E       F      G
               +--------+--------+--------+--------+--------+-----+--------+
         Total |   2171 |   2099 |     72 |    298 |    986 |   4 |  542.8 |
       Dungeon |   2085 |   2013 |     72 |    298 |    932 |   3 |  695.0 |
         Abyss |     86 |     86 |      0 |      0 |     54 |   1 |   86.0 |
               +--------+--------+--------+--------+--------+-----+--------+

Top non-repeatable levels by time:
     D:2: 881 daAuts
     D:1: 773 daAuts
     D:3: 430 daAuts
 Abyss:1: 86 daAuts
